 Dungeon Crawl Stone Soup version 0.16-a0-3940-gf8a207b (webtiles) character file.

153 abixa the Cudgeler (level 5, 0/52 HPs)
             Began as an Ogre Warper on Feb 7, 2015.
             Was an Initiate of Ru.
             Slain by a goblin (2 damage)
             ... led by Robin
             ... on level 3 of the Dungeon.
             The game lasted 00:06:47 (2968 turns).

abixa the Cudgeler (Ogre Warper)                    Turns: 2968, Time: 00:06:48

Health: 0/52       AC:  3    Str: 17    XL:     5   Next: 35%
Magic:  9/9        EV: 10    Int: 12    God:    Ru [......]
Gold:   90         SH:  0    Dex:  9    Spells: 1 memorised, 7 levels left

rFire  . . .     SeeInvis .     a - +0 flail
rCold  . . .     Clarity  .     b - +0 robe
rNeg   . . .     SustAb   .     (shield restricted)
rPois  .         Gourm    .     (helmet restricted)
rElec  .         Spirit   .     (no cloak)
rCorr  .         Warding  .     (gloves unavailable)
rMut   .         Stasis   .     (boots unavailable)
MR     .....                    (no amulet)
Stlth  +.........               (no ring)
                                (no ring)

@: not resistant to hostile enchantments, very unstealthy
A: unfitting armour, tough skin 1
a: Renounce Religion


You were on level 3 of the Dungeon.
You worshipped Ru.
Ru was noncommittal.
You were hungry.

You visited 1 branch of the dungeon, and saw 3 of its levels.

You collected 90 gold pieces.

Inventory:

Hand weapons
 a - a +0 flail (weapon)
Missiles
 e - 4 tomahawks of dispersal (quivered)
 s - 65 stones
 v - 22 poisoned needles
 w - 2 tomahawks
Armour
 b - a +0 robe (worn)
Jewellery
 m - an uncursed amulet of stasis
 n - an uncursed amulet of guardian spirit {unknown}
Magical devices
 j - a wand of fireball (2)
 u - a wand of frost (33)
Scrolls
 d - 3 scrolls of blinking
 h - 5 scrolls of identify {unknown}
 k - 2 scrolls of enchant armour {unknown}
 t - 2 scrolls of teleportation {unknown}
 y - a scroll of recharging {unknown}
Potions
 i - a potion of mutation {unknown}
 l - 3 potions of curing {unknown}
 o - a potion of restore abilities {unknown}
 p - a potion of might
 q - 2 potions of heal wounds {unknown}
 r - a potion of beneficial mutation {unknown}
Books
 c - a book of Spatial Translocations

   Spells                             Type                      Level
   a - Apportation                    Translocation                1
   b - Blink                          Translocation                2
   c - Shroud of Golubria             Charms/Translocation         2
   d - Portal Projectile              Translocation                3
   e - Teleport Other                 Translocation                3
   f - Passage of Golubria            Translocation                4
Comestibles
 f - 2 meat rations
 g - a slice of pizza
 z - a bread ration


   Skills:
 + Level 2.9 Fighting
 * Level 7.0 Maces & Flails
 - Level 1.1 Throwing
 - Level 0.7 Armour
 - Level 1.7 Dodging
 - Level 2.4 Spellcasting
 - Level 2.1 Translocations


You had 7 spell levels left.
You knew the following spells:

 Your Spells              Type           Power        Failure   Level  Hunger
a - Apportation           Tloc           #.........   12%         1    ##.....


Dungeon Overview and Level Annotations

Branches:
Dungeon (3/15)

Altars:
Gozag
Ru
Yredelemnul
Zin
The Shining One


Innate Abilities, Weirdness & Mutations

You are too large for most types of armour.
You have tough skin (AC +1).


Message History

* * * LOW HITPOINT WARNING * * *
The goblin completely misses you.
You miss the goblin. The goblin hits you but does no damage.
The goblin hits you.
* * * LOW HITPOINT WARNING * * *
The goblin hits you.
* * * LOW HITPOINT WARNING * * *
The goblin barely misses you.
Evoke which item? (* to show all) (? for menu, Esc to quit)
Okay, then.
Unknown command.
Unknown command.
You sock the goblin!
You kill the goblin!
The goblin barely misses you. The goblin hits you.
* * * LOW HITPOINT WARNING * * *
You hit the hobgoblin.
You kill the hobgoblin!
The goblin hits you.
You die...

........$...........###..#
..####)..#.#.##....##....
#....g..$...........###..#
#.........................
#..####.$.###)##....###..#
g ##.## #.##....# #..#
#.g.###.##....###.##
#g)g#...............
#8@8###.###..####.## #####
#.# #.## #.# #.# #.# #.#
#.# #.# #(# #.# ### #.#
#.. ..# ### ###


You could see 3 goblins.

Vanquished Creatures
  An orc priest (D:3)
  Ijyb (D:2)
  Terence (D:2)
  Robin (D:3)
  2 worms (D:2)
  4 giant geckos
  3 oozes
  5 orcs (D:3)
  5 bats
  A giant cockroach (D:1)
  10 hobgoblins
  A ball python (D:2)
  A giant newt (D:1)
  13 goblins
  7 kobolds
  A rat (D:3)
57 creatures vanquished.

Notes
Turn   | Place    | Note
--------------------------------------------------------------
     0 | D:1      | abixa, the Ogre Warper, began the quest for the Orb.
     0 | D:1      | Reached XP level 1. HP: 22/22 MP: 3/3
    48 | D:1      | Reached skill level 3 in Maces & Flails
   287 | D:1      | Reached XP level 2. HP: 23/29 MP: 5/5
   452 | D:1      | Reached skill level 4 in Maces & Flails
   930 | D:2      | Noticed Terence
  1182 | D:2      | Reached XP level 3. HP: 36/36 MP: 6/6
  1506 | D:2      | Reached skill level 5 in Maces & Flails
  1868 | D:2      | Killed Terence
  1868 | D:2      | Reached XP level 4. HP: 34/44 MP: 8/8
  2173 | D:2      | Found a glowing golden altar of the Shining One.
  2178 | D:2      | Found a basalt altar of Yredelemnul.
  2180 | D:2      | Found a sacrificial altar of Ru.
  2184 | D:2      | Found a glowing silver altar of Zin.
  2191 | D:2      | Became a worshipper of Ru the Awakened
  2325 | D:2      | Noticed Ijyb
  2336 | D:2      | Killed Ijyb
  2336 | D:2      | Reached skill level 6 in Maces & Flails
  2593 | D:3      | Reached XP level 5. HP: 27/50 MP: 9/9
  2941 | D:3      | Found an opulent altar of Gozag.
  2944 | D:3      | Noticed Robin
  2958 | D:3      | Killed Robin
  2958 | D:3      | Reached skill level 7 in Maces & Flails
  2967 | D:3      | HP: 1/52 [goblin[Robin] (3)]
  2968 | D:3      | Slain by a goblin

Action                   |  1- 3 |  4- 6 || total
-------------------------+-------+-------++-------
Melee: Mace              |   121 |       ||   121
       Flail             |       |    94 ||    94
Throw: Stone             |    20 |       ||    20
       Tomahawk          |     1 |       ||     1
  Eat: Chunk             |     3 |     3 ||     6
